 Dungeon Crawl Stone Soup version 0.29-a0-96-g93358da72b (webtiles) character file.

Game seed: 16000057841463614909

7158 pokeman the Thaumaturge (level 10, -2/84 HPs)
             Began as a Deep Elf Hedge Wizard on Feb 10, 2022.
             Was a Follower of Vehumet.
             Slain by a killer bee (3 damage)
             ... on level 9 of the Dungeon.
             The game lasted 00:31:21 (12794 turns).

pokeman the Thaumaturge (Deep Elf Hedge Wizard)    Turns: 12794, Time: 00:31:22

Health: -2/84      AC: 25    Str:  7    XL:     10   Next: 86%
Magic:  21/30      EV:  2    Int: 24    God:    Vehumet [*.....]
Gold:   345        SH:  0    Dex: 14    Spells: 21/37 levels left

rFire   . . .      SeeInvis +   I - +4 falchion (freeze)
rCold   . . .      Faith    .   (no shield)
rNeg    . . .      Spirit   .   (armour currently unavailable)
rPois   +          Reflect  .   (helmet currently unavailable)
rElec   .          Harm     .   (cloak currently unavailable)
rCorr   .          Rampage  .   (gloves currently unavailable)
Will    ++...      NoTele   +   (boots currently unavailable)
Stlth   ++........              (no amulet)
HPRegen 0.24/turn               b - ring of see invisible
MPRegen 0.22/turn               o - ring of willpower

@: lethally poisoned (-2 -> -7), tree-form, on blink cooldown
A: stationary, stasis, torment immunity, boosted hp
a: Renounce Religion


You were on level 9 of the Dungeon.
You worshipped Vehumet.
Vehumet was aware of your devotion.
You were a tree.
You visited 2 branches of the dungeon, and saw 10 of its levels.

You collected 563 gold pieces.
You spent 218 gold pieces at shops.

Inventory:

Hand Weapons
 t - a +0 hand crossbow
 w - a +0 shortbow
 x - a +2 quarterstaff of chaos
 I - a +4 falchion of freezing (weapon)
Missiles
 c - 2 throwing nets
 s - 89 bolts
 v - 154 arrows
Armour
 h - a +1 helmet (melded)
 r - a +0 pair of gloves (melded)
 y - a +0 cloak (melded)
 A - a +2 robe of fire resistance
 B - +0 steam dragon scales (melded)
 G - a +0 kite shield
Magical Staves
 l - a staff of death
Jewellery
 b - a ring of see invisible (left branch)
 o - a ring of willpower (right branch)
Wands
 E - a wand of digging (4)
Scrolls
 a - 2 scrolls of torment {unknown}
 f - 12 scrolls of identify
 g - 3 scrolls of silence {unknown}
 k - a scroll of immolation {unknown}
 m - a scroll of teleportation
 n - 2 scrolls of fear
 p - 3 scrolls of blinking
 C - a scroll of acquirement {unknown}
 F - a scroll of vulnerability {unknown}
 J - a scroll of fog
Potions
 e - a potion of lignification
 i - 2 potions of mutation {unknown}
 j - 2 potions of brilliance {unknown}
 q - 2 potions of curing {unknown}
 u - a potion of degeneration {unknown}
 z - a potion of attraction {unknown}
 D - a potion of might {unknown}
 H - 2 potions of berserk rage {unknown}


   Skills:
 - Level 4.0 Fighting
 - Level 4.0 Armour
 - Level 3.0 Dodging
 - Level 3.0 Stealth
 + Level 0.1 Shields
 * Level 14.2 Spellcasting
 + Level 8.2 Conjurations
 - Level 1.1 Summonings
 - Level 1.3 Necromancy
 - Level 1.1 Translocations
 + Level 7.4 Fire Magic
 - Level 1.3 Ice Magic
 - Level 1.1 Air Magic
 - Level 1.0 Poison Magic
 - Level 1.0 Evocations


You had 21 spell levels left.
You knew the following spells:

 Your Spells              Type           Power      Damage    Failure   Level
a - Magic Dart            Conj           100%       1d8       1%          1
b - Mephitic Cloud        Conj/Pois/Air  33%        N/A       2%          3
c - Call Imp              Summ           22%        N/A       3%          2
d - Blink                 Tloc           44%        N/A       3%          2
e - Conjure Flame         Conj/Fire      53%        6-21      1%          3
f - Freezing Cloud        Conj/Ice/Air   17%        6-21      22%         5

Your spell library contained the following spells:

 Spells                   Type           Power      Damage    Failure   Level
 Freeze                   Ice            92%        1d10      1%          1
 Slow                     Hex            68%        N/A       3%          1
 Corpse Rot               Necr/Air       46%        N/A       3%          2
 Ensorcelled Hibernation  Hex/Ice        40%        N/A       3%          2
 Poisonous Vapours        Pois/Air       44%        N/A       3%          2
 Ignite Poison            Fire/Tmut/Pois 30%        N/A       3%          3
 Passwall                 Tmut/Erth      14%        N/A       5%          2
 Gell's Gravitas          Tloc           22%        N/A       6%          3
 Swiftness                Air            22%        N/A       6%          3
 Teleport Other           Tloc           22%        N/A       6%          3
 Confusing Touch          Hex            17%        N/A       11%         3
 Yara's Violent Unravell  Hex/Tmut       8%         3d5       67%         5
 Dispersal                Tloc           11%        N/A       97%         6
 Enfeeble                 Hex            8%         N/A       100%        7


Dungeon Overview and Level Annotations

Branches:
Dungeon (9/15)             Temple (1/1) D:7
   Lair: D:8-11         Orc: D:9-12

Altars:
Ashenzari
Cheibriados
Fedhas
Gozag
Hepliaklqana
Kikubaaqudgha
Makhleb
Okawaru
Ru
Sif Muna
Trog
Uskayaw
Vehumet
Wu Jian
Xom
Yredelemnul
Zin
The Shining One

Shops:
D:1 ?   D:8 *


Message History

* * * LOW HITPOINT WARNING * * *
A killer bee comes into view.
The killer bee misses you.
Casting: Magic Dart (safe; 1% risk of failure)
Confirm with . or Enter, or press ? or * to list all spells.
Aiming: Magic Dart (safe; 1% risk of failure)
Press: ? - help, Shift-Dir - straight line, f/p - killer bee
Aim: a killer bee (severely wounded, 100% to hit)
The magic dart hits the killer bee.
The killer bee is almost dead.
The killer bee buzzes angrily.
The killer bee stings you.
* * * LOW HITPOINT WARNING * * *
You are lethally poisoned!
The killer bee poisons you!
A killer bee comes into view.
The killer bee stings you but does no damage.
Casting: Magic Dart (safe; 1% risk of failure)
Confirm with . or Enter, or press ? or * to list all spells.
You blink.
The killer bee buzzes angrily.
* * * LOW HITPOINT WARNING * * *
You feel very sick.
The killer bee stings you but does no damage.
The killer bee barely misses you.
Unknown command.
It was a potion of cancellation.
You feel magically purged.
* * * LOW HITPOINT WARNING * * *
You feel sick.
The killer bee stings you but does no damage.
The killer bee misses you.
The killer bee stings you but does no damage. x2
It was a potion of lignification.
You turn into a tree.
Your +0 cloak melds into your body.
Your +1 helmet melds into your body.
Your +0 pair of gloves melds into your body.
Your +0 steam dragon scales melds into your body.
Your roots penetrate the ground.
* * * LOW HITPOINT WARNING * * *
You feel sick. The killer bee stings you.
You die...

#.# #.##
#..# ##.#
#)# #§#
#.# #y#
#♣# #y#
#y# #)#
#)# ...
..)..
.......
#........


You could see 3 killer bees.

Vanquished Creatures
  Harold (D:9)
  A two-headed ogre (D:9)
  Pikel (D:8)
  A troll (D:9)
  A hornet (D:7)
  Sigmund (D:6)
  5 yaks
  A shadow (D:7)
  A wyvern (D:7)
  Eustachio (D:5)
  3 vampire mosquitoes (D:7)
  A steam dragon (D:6)
  Menkaure (D:5)
  A water moccasin (D:6)
  2 ice beasts
  A black bear (D:4)
  2 orc warriors (D:8)
  2 sky beasts
  A necrophage (D:4)
  An ogre (D:5)
  4 centaurs
  3 lemures (D:8)
  2 bullfrogs
  A kobold brigand (D:6)
  A wyvern zombie (D:9)
  3 scorpions
  A water moccasin skeleton (D:5)
  3 killer bees (D:9)
  10 wights
  2 howler monkeys (D:8)
  An electric eel (D:7)
  7 hounds
  3 orc priests
  Crazy Yiuf (D:5)
  3 centaur zombies
  A bullfrog skeleton (D:4)
  2 centaur skeletons
  A jelly (D:5)
  4 iguanas
  5 orc wizards
  2 killer bee zombies
  A howler monkey zombie (D:5)
  A howler monkey skeleton (D:7)
  9 adders
  4 gnolls
  A white imp (D:7)
  2 adder skeletons (D:4)
  2 dart slugs
  31 orcs
  3 bats (D:1)
  8 endoplasms
  3 giant cockroaches
  5 hobgoblins
  12 kobolds
  8 quokkas
  5 ball pythons
  6 goblins
  7 rats
197 creatures vanquished.

Vanquished Creatures (collateral kills)
  An orc wizard (D:4)
1 creature vanquished.

Vanquished Creatures (others)
  A yak (D:8)
  A fungus (D:5)
2 creatures vanquished.

Grand Total: 200 creatures vanquished

Notes
Turn   | Place    | Note
-------+----------+-------------------------------------------
     0 | D:1      | pokeman the Deep Elf Hedge Wizard began the quest for the
                  | Orb.
     0 | D:1      | Reached XP level 1. HP: 10/10 MP: 7/7
   494 | D:1      | Reached XP level 2. HP: 2/16 MP: 2/9
   770 | D:1      | Found a faded altar of an unknown god.
   837 | D:1      | Found Woynos's Magic Scroll Shop.
   882 | D:1      | Bought a scroll of identify for 20 gold pieces
  1215 | D:1      | Reached skill level 5 in Spellcasting
  1235 | D:1      | Reached XP level 3. HP: 16/20 MP: 4/11
  1239 | D:1      | Learned a level 3 spell: Mephitic Cloud
  1242 | D:1      | Learned a level 2 spell: Call Imp
  1245 | D:1      | Learned a level 2 spell: Blink
  1249 | D:1      | Learned a level 3 spell: Conjure Flame
  1702 | D:2      | Reached skill level 1 in Fighting
  1702 | D:2      | Reached skill level 1 in Armour
  2061 | D:2      | Reached XP level 4. HP: 9/25 MP: 4/13
  3047 | D:1      | Bought a scroll of noise for 10 gold pieces
  3047 | D:1      | Bought a scroll of teleportation for 30 gold pieces
  3047 | D:1      | Bought a scroll of fear for 35 gold pieces
  3113 | D:3      | Reached skill level 1 in Fire Magic
  3651 | D:3      | Reached skill level 6 in Spellcasting
  3793 | D:4      | Reached XP level 5. HP: 15/29 MP: 6/15
  3970 | D:4      | Reached skill level 1 in Air Magic
  4309 | D:4      | Found an iron altar of Okawaru.
  4379 | D:4      | Noticed a black bear
  4391 | D:4      | Killed a black bear
  4392 | D:4      | Reached skill level 7 in Spellcasting
  4392 | D:4      | Reached skill level 1 in Necromancy
  4392 | D:4      | Reached XP level 6. HP: 30/34 MP: 13/18
  4394 | D:4      | Reached skill level 1 in Evocations
  4701 | D:4      | Reached skill level 1 in Poison Magic
  5086 | D:4      | Reached XP level 7. HP: 31/38 MP: 13/20
  5240 | D:5      | Entered Level 5 of the Dungeon
  5240 | D:5      | Noticed Menkaure
  5308 | D:4      | Reached skill level 8 in Spellcasting
  5489 | D:5      | Noticed Eustachio
  5504 | D:5      | Killed Eustachio
  5538 | D:5      | Killed Menkaure
  5539 | D:5      | Reached XP level 8. HP: 34/44 MP: 7/22
  5635 | D:5      | Found a burning altar of Makhleb.
  5671 | D:5      | Found a shimmering blue altar of Sif Muna.
  5702 | D:5      | Reached skill level 9 in Spellcasting
  5862 | D:5      | Found a snail-covered altar of Cheibriados.
  6181 | D:5      | Found a runed translucent door.
  6182 | D:5      | Noticed Crazy Yiuf
  6195 | D:5      | Killed Crazy Yiuf
  6572 | D:6      | Reached skill level 5 in Conjurations
  6821 | D:6      | Reached skill level 10 in Spellcasting
  7168 | D:6      | Reached XP level 9. HP: 38/48 MP: 13/25
  7235 | D:6      | Noticed a +0 falchion
  7235 | D:6      | Noticed a +0 dagger
  7236 | D:6      | Noticed a +0 spear
  7237 | D:6      | Noticed a +0 spear
  7237 | D:6      | Noticed a +0 falchion
  7237 | D:6      | Noticed a +0 short sword
  7238 | D:6      | Noticed a +0 short sword
  7239 | D:6      | Noticed a +0 dagger
  7393 | D:6      | Found a hide-covered altar of Uskayaw.
  7402 | D:6      | Noticed Sigmund
  7418 | D:6      | Killed Sigmund
  7574 | D:6      | Reached skill level 11 in Spellcasting
  7851 | D:6      | Reached skill level 5 in Fire Magic
  8645 | D:7      | Reached skill level 12 in Spellcasting
  8789 | D:7      | Found a staircase to the Ecumenical Temple.
  8809 | Temple   | Entered the Ecumenical Temple
  8859 | Temple   | Became a worshipper of Vehumet
  9816 | D:7      | Reached XP level 10. HP: 51/56 MP: 25/28
 10759 | D:7      | Reached skill level 13 in Spellcasting
 10964 | D:7      | Learned a level 5 spell: Freezing Cloud
 11256 | D:8      | Found a basalt altar of Yredelemnul.
 11279 | D:8      | Reached * piety under Vehumet
 11279 | D:8      | Offered knowledge of Freeze by Vehumet.
 11511 | D:8      | Found Ulita's Island Escapes.
 11538 | D:8      | Noticed Pikel
 11555 | D:8      | Killed Pikel
 11556 | D:8      | Reached skill level 1 in Ice Magic
 11623 | D:8      | Found a broken altar of Ashenzari.
 12173 | D:8      | Found a glowing golden altar of the Shining One.
 12184 | D:8      | Noticed an angel
 12345 | D:8      | Bought a scroll of blinking for 97 gold pieces
 12345 | D:8      | Bought a scroll of fog for 26 gold pieces
 12464 | D:9      | Noticed Harold
 12487 | D:9      | Killed Harold
 12636 | D:9      | Noticed a two-headed ogre
 12650 | D:9      | Killed a two-headed ogre
 12651 | D:9      | Reached skill level 14 in Spellcasting
 12793 | D:9      | HP: 1/56 [poisoned by a killer bee]
 12794 | D:9      | Slain by a killer bee

Illustrated notes

Levels and vault maps discovered:
D:1:      erik_arrival_orb_chamber, layout_loops_corners, serial_shops,
          nicolae_shop_trees, ebering_ecumenical_altar_abandoned
D:2:      minmay_inner_zag, layout_basic, minmay_misc_feat_secret_circle,
          eino_tiny_chamber
D:3:      layout_rooms
D:4:      layout_loops_ring, mainiacjoe_overflow_cross_hatched
D:5:      layout_rooms, lemuel_doored_altar, mainiacjoe_overflow_alcove_4,
          bloody_makhleb, uniq_crazy_yiuf_cottage, uniq_menkaure, uniq_eustachio
D:6:      layout_loops_cross, nicolae_uskayaw_en_pointe, minmay_puff,
          uniq_sigmund
D:7:      layout_layer_cave, temple_statues, serial_bayou_pond_b
D:8:      layout_basic, lemuel_crystal_altar, grunt_temple_overflow_holy_war,
          nicolae_island_escapes, uniq_pikel
D:9:      layout_rooms, nicolae_dithmenos_the_darkroom,
          nicolae_qazlal_style_of_elements, mainiacjoe_overflow_small_starburst,
          david_orc_3, uniq_harold
Temple:   zaba_magenta_temple

Skill      XL: |  1  2  3  4  5  6  7  8  9 10 |
---------------+-------------------------------+-----
Spellcasting   | 5 6 7 8 10 12 14 | 14.2
Fighting       | 1 2 3 4 |  4.0
Armour         | 1 2 3 4 |  4.0
Conjurations   | 2 3 4 5 7 8 |  8.2
Fire Magic     | 1 2 4 6 7 |  7.4
Dodging        | 3 |  3.0
Air Magic      | 1 |  1.1
Stealth        | 3 |  3.0
Necromancy     | 1 |  1.3
Evocations     | 1 |  1.0
Poison Magic   | 1 |  1.0
Ice Magic      | 1 |  1.3
Shields        | |  0.1
Summonings     | |  1.1
Translocations | |  1.1

Action                   |  1- 3 |  4- 6 |  7- 9 | 10-12 || total
-------------------------+-------+-------+-------+-------++-------
Melee: Dagger            |    30 |     6 |       |       ||    36
       Staff             |       |    21 |    20 |       ||    41
       Battleaxe         |       |       |    16 |       ||    16
       Falchion          |       |       |     8 |    64 ||    72
       Punch             |       |       |     1 |     1 ||     2
 Cast: Magic Dart        |    79 |   144 |   251 |    96 ||   570
       Call Imp          |     3 |     1 |     5 |     9 ||    18
       Mephitic Cloud    |       |     5 |    15 |    17 ||    37
       Conjure Flame     |       |     3 |    27 |    18 ||    48
       Blink             |       |       |     5 |    10 ||    15
       Freezing Cloud    |       |       |       |     2 ||     2
Evoke: Wand              |       |       |       |     5 ||     5
  Use: Potion            |       |       |       |     2 ||     2
 Stab: Sleeping          |       |     1 |       |       ||     1
       Confused          |       |     4 |     1 |     4 ||     9
       Paralysed         |       |       |       |     5 ||     5
Armor: Robe              |     8 |       |       |       ||     8
       Leather armour    |       |    14 |    26 |       ||    40
       Steam dragon scal |       |       |    17 |    34 ||    51
Dodge: Dodged            |    38 |    24 |    66 |    72 ||   200

Table legend: (Time is in decaauts)
 A = Elapsed time spent in this place.
 B = Non-inter-level travel time spent in this place.
 C = Inter-level travel time spent in this place.
 D = Time resting spent in this place.
 E = Time spent auto-exploring this place.
 F = Levels seen in this place.
 G = Mean time per level.
                   A        B        C        D        E       F      G
               +--------+--------+--------+--------+--------+-----+--------+
         Total |  12843 |  12453 |    390 |    939 |   9613 |  10 | 1284.3 |
       Dungeon |  12477 |  12118 |    359 |    939 |   9292 |   9 | 1386.3 |
        Temple |    366 |    335 |     31 |      0 |    321 |   1 |  366.0 |
               +--------+--------+--------+--------+--------+-----+--------+

Top non-repeatable levels by time:
     D:7: 2075 daAuts
     D:6: 2005 daAuts
     D:4: 1603 daAuts
     D:1: 1560 daAuts
     D:2: 1542 daAuts
     D:8: 1394 daAuts
     D:5: 1222 daAuts
     D:3: 666 daAuts
     D:9: 405 daAuts
  Temple: 366 daAuts
